 Dungeon Crawl Stone Soup version 0.18-a0-1426-g3b9a63c (webtiles) character file.

29052 Ijustatesigmund the Severer (level 13, -1/128 HPs)
             Began as a Minotaur Berserker on Feb 26, 2016.
             Was the Champion of Trog.
             Slain by Snorg (12 damage)
             ... on level 2 of the Orcish Mines on Feb 27, 2016.
             The game lasted 00:37:55 (12884 turns).

Ijustatesigmund the Severer (Minotaur Berserker)   Turns: 12884, Time: 00:37:55

Health: -1/128     AC: 17    Str: 31    XL:     13   Next: 13%
Magic:  15/15      EV: 13    Int:  4    God:    Trog [******]
Gold:   414        SH:  0    Dex: 15    Spells: 0 memorised, 12 levels left

rFire  . . .     SeeInvis .     C - +7 battleaxe (vamp)
rCold  + + .     Gourm    .     P - +1 chain mail "Juneaf" {*Confuse Regen+ Str+9}
rNeg   . . .     Faith    .     (shield currently unavailable)
rPois  .         Spirit   .     (helmet restricted)
rElec  .         Dismiss  .     H - +1 cloak
rCorr  .         Reflect  .     z - +0 pair of gloves
SustAt .         Harm     .     p - +0 pair of boots
MR     .....                    W - amulet of regeneration
Stlth  ..........               V - ring of protection from cold
                                l - ring of protection from cold

@: very slightly contaminated, hasted, very quick, not resistant to hostile
enchantments, extremely unstealthy
A: retaliatory headbutt, horns 2
a: Berserk, Trog's Hand, Brothers in Arms, Burn Spellbooks, Renounce Religion


You were on level 2 of the Orcish Mines.
You worshipped Trog.
Trog was exalted by your worship.
You were not hungry.

You visited 2 branches of the dungeon, and saw 14 of its levels.
You also visited: Ice Cave.

You collected 1456 gold pieces.
You spent 1042 gold pieces at shops.

Inventory:

Hand Weapons
 a - a +0 war axe
 t - a +1 hand axe of freezing
 C - a +7 vampiric battleaxe (weapon)
Missiles
 o - 5 poisoned tomahawks (quivered)
Armour
 p - a +0 pair of boots (worn)
 z - a +0 pair of gloves (worn)
 B - the +2 scale mail of the Rose {rF+ Int+3}
   (You found it on level 6 of the Dungeon)

   It affects your intelligence (+3).
   It protects you from fire.
 H - a +1 cloak (worn)
 P - the +1 chain mail "Juneaf" (worn) {*Confuse Regen+ Str+9}
   (You bought it in a shop on level 1 of the Orcish Mines)

   It affects your strength (+9).
   It increases your rate of regeneration.
   It may confuse you when you take damage.
 Z - the +1 ring mail "Baqof" {rF+ MR+ rCorr Dex+2}
   (You bought it in a shop on level 1 of the Orcish Mines)

   It affects your dexterity (+2).
   It protects you from fire.
   It affects your resistance to hostile enchantments.
   It protects you from acid and corrosion.
Jewellery
 d - an uncursed ring of flight
 l - a ring of protection from cold (left hand)
 V - a ring of protection from cold (right hand)
 W - an amulet of regeneration (around neck)
Wands
 e - a wand of teleportation (0/9)
 i - a wand of polymorph (8/24)
 x - a wand of lightning (1/15)
 y - a wand of hasting (6/9)
 D - a wand of polymorph (18/24)
 E - a wand of digging (11/24)
 M - a wand of confusion (26/48)
 O - a wand of acid (9/15)
 Q - a wand of polymorph (11/24)
 T - a wand of lightning (5/15)
 X - a wand of enslavement (11/24)
Scrolls
 b - 5 scrolls of remove curse
 f - 5 scrolls of teleportation
 w - 2 scrolls of recharging
 A - 2 scrolls of magic mapping
 F - 3 scrolls of immolation
 L - a scroll of fear
 N - a scroll of fog
 U - a scroll of identify
Potions
 g - 4 potions of ambrosia
 j - 2 potions of might
 k - a potion of resistance
 m - 3 potions of agility
 n - a potion of heal wounds
 q - a potion of haste
 r - a potion of berserk rage {unknown}
 s - 4 potions of curing
 v - 3 potions of brilliance {unknown}
 G - 3 potions of flight {unknown}
 I - a potion of magic {unknown}
 J - a potion of cancellation {unknown}
 K - a potion of lignification {unknown}
 R - a potion of invisibility {unknown}
Miscellaneous
 S - a lamp of fire
Comestibles
 c - 3 bread rations
 h - 3 meat rations
 u - 2 royal jellies
 Y - 6 chunks of flesh


   Skills:
 + Level 15.8 Fighting
 + Level 15.9 Axes
 - Level 8.6 Armour
 - Level 7.6 Dodging
   Level 5.0 Shields
 - Level 4.2 Evocations


You had 12 spell levels left.
You didn't know any spells.

Dungeon Overview and Level Annotations

Branches:
Dungeon (12/15)            Temple (0/1) D:5            Lair (0/8) D:10
    Orc (2/2) D:10            Elf (0/3) Orc:2

Altars:
Dithmenos
Elyvilon
Fedhas
Kikubaaqudgha
Makhleb
Okawaru
Pakellas
Qazlal
Ru
Yredelemnul
Zin
The Shining One

Shops:
D:4 [*!   D:9 *   D:10 *   Orc:1 [

Annotations:
Orc:2 Snorg


Innate Abilities, Weirdness & Mutations

You reflexively headbutt those who attack you in melee.
You have a pair of horns on your head.


Message History

Snorg barely misses you.
The orc warrior hits you with a long sword!
* * * LOW HITPOINT WARNING * * *
The orc knight roars a battlecry!
Drink which item? (? for menu, Esc to quit)
You feel much better. The orc warrior misses you.
Drink which item? (? for menu, Esc to quit)
You feel better.
Snorg goes berserk!
The orc warrior closely misses you.
Read which item? (? for menu, Esc to quit)
As you read the scroll of fear, it crumbles to dust.
You assume a fearsome visage.
The orc warrior looks frightened! x3
The orc priest looks frightened!
The orc warrior looks frightened! x2
The orc knight looks frightened! x2; The orc high priest looks frightened!
The orc knight looks frightened!
The orc priest looks frightened!
The orc warrior looks frightened!
Snorg bites you!
* * * LOW HITPOINT WARNING * * *
Snorg claws you!
* * * LOW HITPOINT WARNING * * *
Snorg claws you!
You die...

.##
*....#...#....#
..#
#.............#
###
*....#...#....#
..##
*.............#
...#*
*....#..(#....#
..#.#
*#...........##
.##*#
#...#...#...#
..#
*#......)..##
.## #..#..@#).#
## *#.o.Too.##
###.#o###


#o.ooo* *##.#)#** **,..ooo,** # *,.#,..#,,* # **,,,,o..,,** ### *,,,*,,,*,,,*
You could see Snorg (berserk), 3 orc knights, an orc high priest (fleeing), 6
orc warriors and 2 orc priests.

Vanquished Creatures
  A frost giant (IceCv)
  An orc warlord (Orc:1)
  A centaur warrior (D:10)
  A death yak (IceCv)
  2 orc high priests (Orc:2)
  3 hill giants
  Pikel (D:8)
  An orc sorcerer (Orc:2)
  A manticore (D:11)
  A cyclops (Orc:1)
  An ice statue (IceCv)
  2 komodo dragons
  6 trolls
  A queen bee (D:8)
  14 polar bears (IceCv)
  A two-headed ogre (D:10)
  Grinder (D:5)
  29 yaks
  3 hippogriffs
  17 wolves (IceCv)
  2 wargs
  A soldier ant (D:11)
  Edmund (D:4)
  A water moccasin (D:10)
  22 orc warriors
  5 sky beasts
  3 ice beasts
  6 ogres
  2 necrophages
  11 centaurs
  A crocodile (D:11)
  2 big kobolds
  6 giant frogs
  A wyvern skeleton (D:8)
  A water moccasin zombie (D:7)
  A scorpion (D:9)
  17 killer bees
  2 howler monkeys
  8 wights (D:11)
  6 crimson imps
  2 centaur zombies
  21 orc priests
  5 jellies
  5 hounds
  2 giant frog skeletons
  12 orc wizards
  2 iguanas
  6 worker ants
  2 sheep (Orc:1)
  A hound skeleton (D:4)
  A worker ant zombie (D:7)
  11 adders
  3 gnolls (D:3)
  A shadow imp (D:11)
  An adder skeleton (D:8)
  An adder zombie (D:6)
  2 worms
  5 dart slugs
  10 giant geckos
  77 orcs
  A ball python (D:3)
  10 bats
  3 giant cockroaches
  5 goblins
  7 hobgoblins
  7 jackals
  20 kobolds
  4 quokkas
  A giant gecko skeleton (D:7)
  8 giant newts
  A jackal zombie (D:6)
  2 quokka zombies
  9 rats
435 creatures vanquished.

Vanquished Creatures (collateral kills)
  4 orc warriors (Orc:1)
  3 orc wizards (Orc:1)
  A sheep (Orc:1)
  5 orcs (Orc:1)
13 creatures vanquished.

Vanquished Creatures (others)
  A slave (D:8)
  An ogre (D:8)
  An orc wizard (Orc:1)
  A jackal (D:8)
  2 plants (D:10)
6 creatures vanquished.

Grand Total: 454 creatures vanquished

Notes
Turn   | Place    | Note
--------------------------------------------------------------
     0 | D:1      | Ijustatesigmund the Minotaur Berserker began the quest for the Orb.
     0 | D:1      | Reached XP level 1. HP: 19/19 MP: 0/0
    74 | D:1      | Reached XP level 2. HP: 22/27 MP: 1/1
   352 | D:1      | Reached ** piety under Trog
   651 | D:2      | Reached XP level 3. HP: 30/33 MP: 2/2
   747 | D:2      | Found a burning altar of Makhleb.
   752 | D:2      | Reached skill level 1 in Shields
   752 | D:2      | Reached XP level 4. HP: 41/41 MP: 3/3
   854 | D:2      | Found a white marble altar of Elyvilon.
   998 | D:2      | Reached skill level 5 in Axes
  1244 | D:2      | Found a basalt altar of Yredelemnul.
  1373 | D:3      | Found an oddly glowing altar of Pakellas.
  1378 | D:3      | Found a shadowy altar of Dithmenos.
  1378 | D:3      | Found a glowing silver altar of Zin.
  1381 | D:3      | Found a sacrificial altar of Ru.
  1382 | D:3      | Found a stormy altar of Qazlal.
  1805 | D:3      | Reached *** piety under Trog
  1805 | D:3      | Reached skill level 5 in Fighting
  2153 | D:3      | Reached XP level 5. HP: 42/48 MP: 4/4
  2249 | D:4      | Found Bechuuh's Antique Armour Shop.
  2262 | D:4      | Bought a shiny ring mail for 108 gold pieces
  2433 | D:4      | Noticed a sky beast
  2446 | D:4      | Killed a sky beast
  2641 | D:4      | Reached XP level 6. HP: 55/57 MP: 5/5
  2674 | D:4      | Noticed Edmund
  2676 | D:4      | Found Cureugh's Assorted Antiques.
  2681 | D:4      | Killed Edmund
  2690 | D:4      | Bought a green potion for 18 gold pieces
  2716 | D:4      | Found a glowing golden altar of the Shining One.
  2864 | D:4      | Upgraded the game from 0.18-a0-1418-ga86aa8f to 0.18-a0-1426-g3b9a63c
  2867 | D:4      | Found Syokor Gusi's Distillery.
  3076 | D:5      | Entered Level 5 of the Dungeon
  3195 | D:5      | Reached XP level 7. HP: 27/64 MP: 6/6
  3432 | D:5      | Reached skill level 5 in Shields
  3434 | D:5      | Reached **** piety under Trog
  3684 | D:5      | Found a staircase to the Ecumenical Temple.
  3769 | D:5      | Noticed Grinder
  3785 | D:5      | Killed Grinder
  3785 | D:5      | Reached XP level 8. HP: 57/74 MP: 7/7
  3906 | D:6      | Got a twisted scale mail
  3917 | D:6      | Identified the +2 scale mail of the Rose {rF+ Int+3} (You found it on level 6 of the Dungeon)
  4310 | D:6      | Found a blossoming altar of Fedhas.
  4312 | D:6      | Found an ancient bone altar of Kikubaaqudgha.
  5302 | D:8      | Reached XP level 9. HP: 84/84 MP: 8/8
  5316 | D:8      | Reached skill level 10 in Fighting
  5316 | D:8      | Reached skill level 10 in Axes
  5500 | D:8      | Noticed a queen bee
  5514 | D:9      | Found Loneng's Assorted Antiques.
  5788 | D:9      | Bought a scroll labeled EZOQUNG QULAUTU for 17 gold pieces
  5788 | D:9      | Bought a scroll labeled NIQOCA OZAXEXU for 17 gold pieces
  5788 | D:9      | Bought a murky ruby potion for 15 gold pieces
  5788 | D:9      | Bought a glowing purple potion for 15 gold pieces
  5812 | D:9      | Found a basalt altar of Yredelemnul.
  5876 | D:9      | Found an iron altar of Okawaru.
  6080 | D:4      | Bought a potion of might for 48 gold pieces
  6080 | D:4      | Bought a potion of curing for 36 gold pieces
  6080 | D:4      | Bought a potion of degeneration for 12 gold pieces
  6080 | D:4      | Bought a potion of heal wounds for 60 gold pieces
  6253 | D:8      | Killed a queen bee
  6315 | D:8      | Reached ***** piety under Trog
  6887 | D:8      | Noticed Pikel
  6900 | D:8      | Killed Pikel
  6905 | D:8      | Reached XP level 10. HP: 96/96 MP: 9/9
  7417 | D:9      | Received a gift from Trog
  7451 | D:9      | Reached skill level 5 in Armour
  7748 | D:10     | Entered Level 10 of the Dungeon
  7748 | D:10     | Found Xeammaz's General Store.
  7765 | D:10     | Bought a scroll of identify for 30 gold pieces
  7846 | D:10     | Found a staircase to the Orcish Mines.
  7905 | D:10     | Noticed a hill giant
  7916 | D:10     | Noticed a centaur warrior
  7918 | D:10     | Killed a hill giant
  7918 | D:10     | Reached skill level 5 in Dodging
  7930 | D:10     | Killed a centaur warrior
  8453 | D:10     | Reached skill level 1 in Evocations
  8455 | D:10     | Found a staircase to the Lair.
  8540 | D:10     | Reached XP level 11. HP: 63/104 MP: 9/11
  8705 | D:11     | Noticed a hill giant
  8720 | D:11     | Killed a hill giant
  9588 | D:11     | Got a smelly ring mail
  9599 | D:11     | Identified the cursed +1 ring mail "Nyicun" {rElec rN+ Dex+4} (You found it on level 11 of the Dungeon)
  9875 | D:11     | Noticed a hill giant
  9882 | D:11     | Killed a hill giant
 10389 | D:12     | Noticed a five-headed hydra
 10729 | Orc:1    | Entered Level 1 of the Orcish Mines
 10731 | Orc:1    | Noticed an orc warlord
 10749 | Orc:1    | Killed an orc warlord
 10750 | Orc:1    | Received a gift from Trog
 11210 | Orc:2    | Entered Level 2 of the Orcish Mines
 11249 | Orc:2    | Found a staircase to the Elven Halls.
 11261 | Orc:2    | Noticed an orc high priest
 11263 | Orc:2    | Noticed an orc sorcerer
 11272 | Orc:2    | Killed an orc sorcerer
 11272 | Orc:2    | Killed an orc high priest
 11272 | Orc:2    | Reached XP level 12. HP: 115/115 MP: 14/14
 11298 | Orc:2    | Found a frozen archway.
 11318 | IceCv    | Entered an ice cave
 11983 | IceCv    | Reached skill level 15 in Axes
 12077 | IceCv    | Noticed a death yak
 12077 | IceCv    | Noticed a frost giant
 12083 | IceCv    | Killed a death yak
 12083 | IceCv    | Reached skill level 15 in Fighting
 12087 | IceCv    | Received a gift from Trog
 12092 | IceCv    | Killed a frost giant
 12297 | Orc:1    | Found Opevy's Antique Armour Boutique.
 12338 | Orc:1    | Bought a pitted chain mail for 342 gold pieces
 12348 | Orc:1    | Identified the +1 chain mail "Juneaf" {*Confuse Regen+ Str+9} (You bought it in a shop on level 1 of the Orcish Mines)
 12530 | Orc:1    | Reached XP level 13. HP: 103/127 MP: 15/15
 12656 | Orc:1    | Bought a warped ring mail for 324 gold pieces
 12666 | Orc:1    | Identified the +1 ring mail "Baqof" {rF+ MR+ rCorr Dex+2} (You bought it in a shop on level 1 of the Orcish Mines)
 12823 | Orc:2    | Reached ****** piety under Trog
 12874 | Orc:2    | Noticed Snorg
 12875 | Orc:2    | Received a gift from Trog
 12884 | Orc:2    | Slain by Snorg

Vault maps used:
D:1:      minmay_arrival_jagged
D:2:      kennysheep_ying_yang, makhleb_grotto_becter, first_bread
D:3:      minitemple
D:4:      lemuel_doored_altar, serial_shops, shop, shop,
          nicolae_shop_statue_plus, uniq_edmund
D:5:      minmay_temple_entry_enclosed_plants, uniq_grinder
D:6:      grunt_temple_overflow_growth_and_decay, corexii_corridor_pit,
          minmay_statues_item
D:8:      david_nohive_1, uniq_pikel
D:9:      kennysheep_little_box, serial_shops, nicolae_shop_overgrown_old_shop,
          basic_altar, minmay_misc_feat_iff, minmay_item_behind_shaft
D:10:     david_lair_shrubbed, orc_0_dummy, serial_shops, shop, st_stairs_1
D:11:     mumra_transporter_accident
D:12:     serial_shops, shop
Orc:1:    serial_shops, shop
Orc:2:    st_orc_pillars, portal_ice_cave_entry_pillars_02, uniq_snorg
IceCv:    ice_cave_caverns_01

Skill      XL: |  1  2  3  4  5  6  7  8  9 10 11 12 |
---------------+-------------------------------------+-----
Axes           | 4 5 6 7 9 11 12 13 15 | 15.9
Fighting       | 4 5 6 7 9 11 12 13 15 | 15.8
Shields        | 1 2 3 4 5 |  5.0
Armour         | 4 7 8 |  8.6
Dodging        | 4 6 7 |  7.6
Evocations     | 1 4 |  4.2

Action                   |  1- 3 |  4- 6 |  7- 9 | 10-12 | 13-15 || total
-------------------------+-------+-------+-------+-------+-------++-------
Melee: Hand axe          |    54 |   133 |   349 |   235 |       ||   771
       Battleaxe         |       |       |       |   318 |    54 ||   372
Invok: Berserk           |       |     1 |     3 |     4 |       ||     8
       Trog's Hand       |       |       |     2 |     4 |       ||     6
       Burn Spellbooks   |       |       |       |     1 |       ||     1
       Brothers in Arms  |       |       |       |     1 |       ||     1
Evoke: Wand              |       |       |       |     1 |     2 ||     3
  Use: Scroll            |     4 |     2 |     9 |     6 |     1 ||    22
       Potion            |       |       |     3 |     2 |     3 ||     8
 Stab: Distracted        |       |     1 |       |       |       ||     1
  Eat: Chunk             |       |     7 |     8 |    13 |     2 ||    30
       Fruit             |       |     1 |     3 |       |       ||     4
       Pizza             |       |       |     1 |     1 |       ||     2
       Bread ration      |       |       |     1 |       |       ||     1
       Beef jerky        |       |       |     1 |       |       ||     1
       Royal jelly       |       |       |       |     5 |       ||     5
